 Dungeon Crawl Stone Soup version 0.21.1-1-g345015fe64 (webtiles) character file.

112 Oravi the Changer (level 4, 0/33 HPs)
             Began as a Merfolk Transmuter on Apr 15, 2018.
             Slain by a gnoll
             ... wielding a +0 spear
              (5 damage)
             ... on level 3 of the Dungeon.
             The game lasted 00:05:22 (1876 turns).

Oravi the Changer (Merfolk Transmuter)              Turns: 1876, Time: 00:05:22

Health: 0/33       AC:  2    Str: 10    XL:     4   Next: 93%
Magic:  5/7        EV: 22    Int: 13    God:
Gold:   54         SH:  0    Dex: 19    Spells: 1/7 levels left

rFire    . . .     SeeInvis .     - Unarmed
rCold    . . .     Gourm    .   (shield currently unavailable)
rNeg     . . .     Faith    .   (armour currently unavailable)
rPois    x         Spirit   .   (helmet currently unavailable)
rElec    .         Reflect  .   (cloak currently unavailable)
rCorr    .         Harm     .   (gloves currently unavailable)
MR       .....                  (boots currently unavailable)
Stlth    ++........             (no amulet)
HPRegen  0.11/turn              (no ring)
MPRegen  0.10/turn              (no ring)

@: spider-form (expiring)
A: tiny, (change form in water), (swift swim), (stealthy swim)
a: End Transformation


You were on level 3 of the Dungeon.
You were hungry.
You were a venomous arachnid creature.
You visited 1 branch of the dungeon, and saw 3 of its levels.

You collected 54 gold pieces.

Inventory:

Missiles
 a - 12 arrows
Armour
 b - a +1 robe (melded)
 f - a +0 pair of gloves (melded)
Wands
 h - a wand of polymorph (14)
 j - a wand of iceblast (12)
Scrolls
 e - 2 scrolls of remove curse
 g - a scroll of blinking
 i - 2 scrolls of identify
Potions
 k - a potion of might {unknown}
 l - a potion of brilliance
 m - a potion of haste
Books
 c - a book of Changes

   Spells                             Type                      Level
   a - Beastly Appendage              Transmutation                1
   b - Sticks to Snakes               Transmutation                2
   c - Spider Form                    Transmutation/Poison         3
   d - Ice Form                       Ice/Transmutation            4
   e - Blade Hands                    Transmutation                5
Comestibles
 d - 5 rations


   Skills:
 + Level 1.6 Fighting
 + Level 3.4 Dodging
 + Level 4.2 Unarmed Combat
 - Level 2.0 Spellcasting
 * Level 4.7 Transmutations
 * Level 0.8 Poison Magic


You had one spell level left.
You knew the following spells:

 Your Spells              Type           Power        Failure   Level  Hunger
a - Beastly Appendage     Tmut           ##....       12%         1    ##.....
b - Sticks to Snakes      Tmut           ##......     16%         2    ###....
c - Spider Form           Tmut/Pois      #.........   45%         3    ####...


Dungeon Overview and Level Annotations

Branches:
Dungeon (3/15)

Altars:


Message History

You hit the gnoll.
The gnoll looks as sick as possible!
The gnoll is severely wounded.
Your transformation is almost over.
The gnoll closely misses you. The gnoll barely misses you.
You hit the gnoll.
You kill the gnoll!
The gnoll completely misses you. The gnoll hits you but does no damage.
Things that are here:
a spear; a gnoll corpse You hit the gnoll but do no damage.
The gnoll is poisoned.
The gnoll completely misses you.
You hit the gnoll.
The gnoll looks as sick as possible!
The gnoll is moderately wounded.
The gnoll hits you with a spear!
* * * LOW HITPOINT WARNING * * *
You closely miss the gnoll.
The gnoll is severely wounded.
The gnoll hits you with a spear.
You die...

#............
#####'####....
####'### ....
#......# ..
#......#
#......#
####'### # #.#
#? #s# #. #g#
#..##g####
#.......#
#.##.##.########
#...............
#....##g########
#.......ggg.#
#.#.....g...#


You could see 2 gnolls.

Vanquished Creatures
  2 gnolls (D:3)
  4 adders (D:2)
  4 dart slugs (D:1)
  2 leopard geckos (D:1)
  A ball python (D:1)
  6 bats
  5 giant cockroaches
  6 goblins
  2 hobgoblins (D:2)
  4 jackals (D:1)
  4 frilled lizards (D:1)
  3 kobolds
  5 rats
48 creatures vanquished.

Notes
Turn   | Place    | Note
-------+----------+-------------------------------------------
     0 | D:1      | Oravi the Merfolk Transmuter began the quest for the Orb.
     0 | D:1      | Reached XP level 1. HP: 15/15 MP: 3/3
    55 | D:1      | Reached XP level 2. HP: 17/21 MP: 5/5
   318 | D:1      | Reached XP level 3. HP: 18/26 MP: 4/6
   324 | D:1      | Learned a level 2 spell: Sticks to Snakes
   328 | D:1      | Learned a level 3 spell: Spider Form
   998 | D:2      | Reached XP level 4. HP: 32/32 MP: 3/7
  1876 | D:3      | Slain by a gnoll

Skill      XL: |  1  2  3  4 |
---------------+-------------+-----
Transmutations | 3 4 |  4.7
Dodging        | 3 |  3.4
Unarmed Combat | 4 |  4.2
Fighting       | |  1.6
Spellcasting   | |  2.0
Poison Magic   | |  0.8

Action                   |  1- 3 |  4- 6 || total
-------------------------+-------+-------++-------
Melee: Unarmed           |   106 |    52 ||   158
       Headbutt          |     8 |       ||     8
       Punch             |     1 |     1 ||     2
 Cast: Beastly Appendage |    15 |     2 ||    17
       Spider Form       |     4 |     5 ||     9
  Use: Scroll            |     6 |     3 ||     9
 Stab: Sleeping          |     1 |       ||     1
  Eat: Chunk             |     1 |     3 ||     4
Armor: Robe              |    14 |     4 ||    18
       Skin              |       |     4 ||     4
Dodge: Dodged            |    90 |    40 ||   130
